 Dungeon Crawl Stone Soup version 0.30-a0-715-gdb4ae3ece1 (webtiles) character file.

Game seed: 5327872408772024428

240 mopl the Ruffian (level 5, 0/41 HPs)
             Began as a Mummy Monk on Jan 23, 2023.
             Was a Believer of Okawaru.
             Slain by an ogre
             ... wielding a +0 giant club
              (25 damage)
             ... on level 4 of the Dungeon.
             The game lasted 00:04:29 (2946 turns).

mopl the Ruffian (Mummy Monk)                       Turns: 2946, Time: 00:04:30

Health: 0/41       AC:  8    Str: 17    XL:     5   Next: 79%
Magic:  6/6        EV:  8    Int: 12    God:    Okawaru [**....]
Gold:   139        SH:  0    Dex: 14    Spells: 4/4 levels left

rFire   x . .      SeeInvis .    p - +1 dagger (venom)
rCold   + . .      Faith    +    (no shield)
rNeg    + + +      Spirit   .    t - +1 ring mail "Ycioj" {Fly Int+3}
rPois   ∞          Reflect  .    n - +0 helmet
rElec   .          Harm     .    (no cloak)
rCorr   .          Rampage  .    h - +0 pair of gloves
Will    .....                    (no boots)
Stlth   +                        (no amulet)
HPRegen 0.26/turn                (no ring)
MPRegen 0.10/turn                (no ring)

@: flying, constricted
A: cold resistance 1, negative energy resistance 3, torment resistance 2, heat
vulnerability 1, in touch with death 1, no potions, faith
a: Renounce Religion, Heroism


You were on level 4 of the Dungeon.
You worshipped Okawaru.
Okawaru was pleased with you.
You visited 1 branch of the dungeon, and saw 4 of its levels.

You collected 139 gold pieces.

Inventory:

Hand Weapons
 b - a +0 heavy spear
 e - a +2 spear of flaming
 o - a +0 dagger of electrocution
 p - a +1 dagger of venom (weapon)
Missiles
 j - 4 boomerangs (quivered)
 l - 5 poisoned darts
 r - a throwing net
Armour
 h - a +0 pair of gloves (worn)
 m - a +0 chain mail
 n - a +0 helmet (worn)
 t - the +1 ring mail "Ycioj" (worn) {Fly Int+3}
   (You found it on level 4 of the Dungeon)

   Int:       It affects your intelligence (+3).
   Fly:       It grants you flight.
Magical Staves
 g - a staff of death
Jewellery
 s - a ring of wizardry
Wands
 q - a wand of acid (10)
Scrolls
 a - 2 scrolls of enchant armour
 c - a scroll of brand weapon
 d - 2 scrolls of immolation
 f - a scroll of poison
 i - a scroll of fear
 k - 3 scrolls of teleportation
 u - a scroll of torment {unknown}


   Skills:
 - Level 3.0 Fighting
 - Level 2.4 Dodging
 - Level 1.5 Stealth
 * Level 4.9 Unarmed Combat
 + Level 2.2 Invocations


You had 4 spell levels left.
You didn't know any spells.
Your spell library contained the following spells:

 Spells                   Type           Power      Damage    Failure   Level
 Ignite Poison            Fire/Tmut/Pois 0%         N/A       88%         3
 Kindle Blastsparks       Fire/Tloc/Air  0%         2d10      88%         3
 Petrify                  Tmut/Erth      0%         N/A       99%         4
 Freezing Cloud           Conj/Ice/Air   0%         6-21      100%        5
 Irradiate                Conj/Tmut      0%         3d11      100%        5
 Sublimation of Blood     Necr           Unusable   N/A       N/A         2

Dungeon Overview and Level Annotations

Branches:
Dungeon (4/15)
 Temple: D:4-7

Altars:
Ashenzari
Makhleb
Okawaru
Qazlal
Ru

Annotations:
D:4 Natasha


Innate Abilities, Weirdness & Mutations

You are immune to poison.
Your flesh is cold resistant. (rC+)
You are immune to negative energy. (rN+++)
You are immune to unholy pain and torment.
You are vulnerable to heat. (rF-)
You are in touch with the powers of death.
You do not drink.
You have a special connection with the divine. (Faith)


Message History

You barely miss the ball python. The ball python barely misses you. x2
The goblin hits you with a +0 dagger.
You barely miss the ball python. The ball python barely misses you. x2
The goblin barely misses you.
Natasha hisses angrily.
The ball python hisses angrily.
You hit the ball python.
The ball python is poisoned.
The ball python is heavily wounded.
You kill the ball python!
Okawaru accepts your kill. The goblin hits you but does no damage.
You hit the hobgoblin.
The hobgoblin is poisoned.
The hobgoblin is almost dead.
You kill the hobgoblin!
Okawaru accepts your kill.
Natasha mumbles some strange words.
Natasha shimmers violently.
Natasha stares at you and mumbles some strange words.
The magic dart hits you! The goblin closely misses you.
You miss the goblin.
You hear a shout!
The goblin hits you but does no damage.
An ogre comes into view. It is wielding a +0 giant club.
You hit the goblin.
You kill the goblin!
Okawaru accepts your kill.
Natasha casts a spell.
You hit the ogre.
The ogre is poisoned.
The ogre is lightly wounded.
The ball python bites you but does no damage.
The ball python completely misses you. The ogre hits you with a +0 giant club!
You closely miss the ogre.
The ogre is lightly wounded.
The ball python bites you but does no damage.
The ball python grabs you. The ball python constricts you.
You closely miss the ball python.
The ball python bites you but does no damage.
The ball python constricts you.
The ogre hits you with a +0 giant club!!
Ouch! That really hurt!
You die...

#..............#.
..##.#.#.#.#.#.#)##.
#### ..#................
.....#..#.#.#.#.#.#.#..#
.....##..........†.....#
.....'.#.#.#.#.#.#.#.#.#
.....#.................#
......#.#.#.#.#.#.#.#.#.
...5..S@†...............
.....#O#.#.#.#.#.#.#.#.#
... .......^............
. ..#.#.#.#.#.#.#.#.#.#
...#................. ##
#.#.#.#.#.#.#.#.#
#..............
#..#.#.#.#.#.#


You could see an ogre (very poisoned), a crimson imp (summoned) and a ball
python.

Vanquished Creatures
  A hound (D:3)
  Terence (D:3)
  Robin (D:3)
  4 gnolls (D:4)
  4 adders
  A worm (D:3)
  3 dart slugs
  3 orcs (D:3)
  9 ball pythons
  6 bats
  7 endoplasms
  10 goblins
  14 hobgoblins
  3 quokkas
  2 frilled lizards (D:1)
  7 kobolds
  5 rats
81 creatures vanquished.

Vanquished Creatures (others)
  A goblin (D:1)
1 creature vanquished.

Grand Total: 82 creatures vanquished

Notes
Turn   | Place    | Note
-------+----------+-------------------------------------------
     0 | D:1      | mopl the Mummy Monk began the quest for the Orb.
     0 | D:1      | Reached XP level 1. HP: 18/18 MP: 1/1
   121 | D:1      | Reached XP level 2. HP: 22/24 MP: 2/2
   131 | D:1      | Reached skill level 3 in Unarmed Combat
   623 | D:2      | Found a faded altar of an unknown god.
   710 | D:2      | Found a broken altar of Ashenzari.
   763 | D:2      | Gained mutation: You are in touch with the powers of death.
                  | [Mummy growth]
   763 | D:2      | Reached XP level 3. HP: 25/29 MP: 3/3
  1399 | D:3      | Found a sacrificial altar of Ru.
  1399 | D:3      | Found an iron altar of Okawaru.
  1441 | D:3      | Became a worshipper of Warmaster Okawaru
  1441 | D:3      | Reached * piety under Okawaru
  1441 | D:3      | Reached ** piety under Okawaru
  1528 | D:3      | Reached XP level 4. HP: 32/35 MP: 4/4
  1640 | D:3      | Reached skill level 1 in Invocations
  1679 | D:3      | Reached skill level 4 in Unarmed Combat
  1766 | D:3      | Found a burning altar of Makhleb.
  1889 | D:3      | Noticed Terence
  1915 | D:3      | Killed Terence
  2171 | D:3      | Noticed Robin
  2181 | D:3      | Reached XP level 5. HP: 33/41 MP: 3/6
  2197 | D:3      | Killed Robin
  2671 | D:4      | Found a stormy altar of Qazlal.
  2775 | D:4      | Reached skill level 2 in Invocations
  2902 | D:4      | Identified the +1 ring mail "Ycioj" {Fly Int+3}
  2936 | D:4      | Noticed Natasha
  2942 | D:4      | Noticed an ogre
  2946 | D:4      | Slain by an ogre

Illustrated notes

Levels and vault maps discovered:
D:1:      dpeg_arrival_tiny_j, layout_rooms
D:2:      layout_basic, basic_altar,
          hellmonk_ecumenical_altar_pennies_from_heaven, minmay_misc_feat_roman,
          minmay_crystal_room, minmay_misc_feat_four_crosses
D:3:      minmay_inner_zag, layout_basic, marbit_many_paths,
          gammafunk_temple_overflow_forgotten, uniq_terence, uniq_robin
D:4:      layout_basic, grunt_qazlal_sundering, hangedman_decor_points,
          nrook_campfire, hex_large, nicolae_shop_fire_sale
          [nicolae_sub_dead_trees], ebering_dispersal_statue_hall, uniq_natasha

Skill      XL: |  1  2  3  4  5 |
---------------+----------------+-----
Unarmed Combat | 3 4 |  4.9
Invocations    | 1 2 |  2.2
Fighting       | |  3.0
Dodging        | |  2.4
Stealth        | |  1.5

Action                     |  1- 3 |  4- 6 || total
---------------------------+-------+-------++-------
  Melee: Unarmed           |    28 |       ||    28
         Spear             |    53 |    83 ||   136
         Punch             |     2 |     5 ||     7
         Dagger            |       |    69 ||    69
 Invoke: Heroism           |       |     3 ||     3
    Use: Scroll            |     4 |     2 ||     6
   Stab: Sleeping          |     1 |     3 ||     4
         Distracted        |       |     1 ||     1
 Armour: Robe              |    18 |     7 ||    25
         Chain mail        |       |    52 ||    52
         Ring mail         |       |     8 ||     8
  Dodge: Dodged            |    44 |    52 ||    96

Table legend: (Time is in decaauts)
 A = Elapsed time spent in this place.
 B = Non-inter-level travel time spent in this place.
 C = Inter-level travel time spent in this place.
 D = Time resting spent in this place.
 E = Time spent auto-exploring this place.
 F = Levels seen in this place.
 G = Mean time per level.
                   A        B        C        D        E       F      G
               +--------+--------+--------+--------+--------+-----+--------+
         Total |   2951 |   2805 |    146 |    289 |   1954 |   4 |  737.8 |
       Dungeon |   2951 |   2805 |    146 |    289 |   1954 |   4 |  737.8 |
               +--------+--------+--------+--------+--------+-----+--------+

Top non-repeatable levels by time:
     D:3: 1375 daAuts
     D:2: 898 daAuts
     D:1: 393 daAuts
     D:4: 283 daAuts
